 Dungeon Crawl Stone Soup version 0.23.1 (webtiles) character file.

Game seed: 16361884083348146174

41 Borgoz the Sneak (level 3, 0/27 HPs)
             Began as a Ghoul Enchanter on Mar 3, 2019.
             Slain by a worker ant (4 damage)
             ... on level 2 of the Dungeon.
             The game lasted 00:04:05 (2075 turns).

Borgoz the Sneak (Ghoul Enchanter)                  Turns: 2075, Time: 00:04:05

Health: 0/27       AC:  3    Str: 11    XL:     3   Next: 52%
Magic:  1/4        EV: 12    Int: 10    God:
Gold:   62         SH:  0    Dex: 10    Spells: 2/5 levels left

rFire    . . .     SeeInvis .   a - +1 dagger
rCold    + . .     Gourm    .   (no shield)
rNeg     + + +     Faith    .   n - +0 leather armour (curse)
rPois    ∞         Spirit   .   (no helmet)
rElec    .         Reflect  .   (no cloak)
rCorr    .         Harm     .   (no gloves)
MR       .....                  (no boots)
Stlth    +++.......             (no amulet)
HPRegen  0.00/turn              f - ring of stealth
MPRegen  0.09/turn              (no ring)

@: very slightly contaminated, rotting
A: rotting body, claws 1, carnivore, cold resistance 1, negative energy
resistance 3, inhibited regeneration, torment resistance, unbreathing
a: no special abilities


You were on level 2 of the Dungeon.
You were not hungry.

You visited 1 branch of the dungeon, and saw 3 of its levels.

You collected 62 gold pieces.

Inventory:

Hand Weapons
 a - a +1 dagger (weapon)
 e - a +0 dagger of holy wrath
Armour
 n - a cursed +0 leather armour (worn)
Jewellery
 f - a ring of stealth (left claw)
Scrolls
 h - a scroll of random uselessness {unknown}
 i - a scroll of teleportation {unknown}
 k - 2 scrolls of noise {unknown}
 m - a scroll of identify {unknown}
Potions
 j - a potion of curing {unknown}
 l - 2 potions of cancellation {unknown}
Comestibles
 d - 5 rations


   Skills:
 + Level 0.9 Fighting
 * Level 1.3 Short Blades
 + Level 0.5 Armour
 * Level 2.2 Dodging
 + Level 3.6 Stealth
 + Level 1.9 Spellcasting
 + Level 2.6 Hexes


You had 2 spell levels left.
You knew the following spells:

 Your Spells              Type           Power        Failure   Level  Hunger
a - Corona                Hex            #......      14%         1    ##.....
b - Ensorcelled Hibernat  Hex/Ice        #.....       36%         2    ###....

Your spell library contained the following spells:

 Spells                   Type           Power        Failure   Level  Hunger
 Confuse                  Hex            #.......     38%         3    ####...
 Tukima's Dance           Hex            #.......     38%         3    ####...
 Dazzling Spray           Conj/Hex       #.....       58%         3    ####...


Dungeon Overview and Level Annotations

Branches:
Dungeon (3/15)

Altars:


Innate Abilities, Weirdness & Mutations

Your body is rotting away.
You thrive on raw meat.
You are immune to poison.
You have sharp fingernails.
You are carnivorous and can eat meat at any time.
Your flesh is cold resistant. (rC+)
You are immune to negative energy. (rN+++)
You do not regenerate when monsters are visible.
You are immune to unholy pain and torment.
You can survive without breathing.


Message History

Okay, then.
It was a potion of heal wounds.
You feel much better. The worker ant barely misses you.
The worker ant bites you.
You hit the worker ant but do no damage.
The worker ant is moderately wounded.
The worker ant bites you.
You hit the worker ant.
The worker ant is heavily wounded.
The worker ant bites you.
You hit the worker ant.
The worker ant is severely wounded.
The worker ant bites you.
You hit the worker ant but do no damage.
The worker ant is heavily wounded.
The worker ant bites you.
* * * LOW HITPOINT WARNING * * *
You hit the worker ant.
The worker ant is severely wounded.
The worker ant bites you.
You die...

#. #. #. .## ..#
###############.#
#<.....@a....†..#######
###############........
#........ #........
#........ #.####### #.#
#.# #.#


You could see a worker ant.

Vanquished Creatures
  An ooze (D:1)
  A worm (D:2)
  A dart slug (D:1)
  A giant cockroach (D:2)
  3 hobgoblins
  A jackal (D:1)
  8 bats
  3 frilled lizards
  6 goblins (D:1)
  3 kobolds
  3 rats (D:1)
31 creatures vanquished.

Notes
Turn   | Place    | Note
-------+----------+-------------------------------------------
     0 | D:1      | Borgoz the Ghoul Enchanter began the quest for the Orb.
     0 | D:1      | Reached XP level 1. HP: 14/14 MP: 2/2
    16 | D:1      | Reached skill level 1 in Short Blades
   131 | D:1      | Reached XP level 2. HP: 11/20 MP: 3/3
   431 | D:1      | Learned a level 2 spell: Ensorcelled Hibernation
  1185 | D:1      | Reached XP level 3. HP: 16/27 MP: 4/4
  2075 | D:2      | Slain by a worker ant

Skill      XL: |  1  2 |
---------------+-------+-----
Short Blades   | 1 |  1.3
Dodging        | 2 |  2.2
Fighting       | |  0.9
Armour         | |  0.5
Stealth        | |  3.6
Spellcasting   | |  1.9
Hexes          | |  2.6

Action                   || total
-------------------------++-------
Melee: Dagger            ||   153
 Cast: Corona            ||     5
       Ensorcelled Hiber ||     3
  Use: Potion            ||     1
 Stab: Sleeping          ||     2
  Eat: Chunk             ||     8
Armor: Robe              ||    45
       Leather armour    ||     4
Dodge: Dodged            ||   129
